 Dungeon Crawl Stone Soup version 0.28.0-62-gf88900778d (webtiles) character file.

Game seed: 4219217829104687748

44 Nonny the Gusty (level 3, 0/23 HPs)
             Began as a Tengu Air Elementalist on Apr 16, 2023.
             Slain by Crazy Yiuf
             ... wielding a +3 quarterstaff of chaos
              (12 damage)
             ... on level 3 of the Dungeon.
             The game lasted 00:07:26 (923 turns).

Nonny the Gusty (Tengu Air Elementalist)             Turns: 923, Time: 00:07:26

Health: 0/23       AC:  3    Str:  8    XL:     3   Next: 60%
Magic:  3/7        EV: 12    Int: 17    God:
Gold:   36         SH:  0    Dex: 14    Spells: 0/6 levels left

rFire   . . .      SeeInvis .   (no weapon)
rCold   . . .      Faith    .   (no shield)
rNeg    . . .      Spirit   .   a - +0 robe
rPois   .          Reflect  .   (helmet restricted)
rElec   .          Harm     .   f - +0 cloak
rCorr   .          Rampage  .   (no gloves)
Will    .....                   (boots unavailable)
Stlth   ++........              (no amulet)
HPRegen 0.07/turn               (no ring)
MPRegen 0.10/turn               (no ring)

@: no status effects
A: beak, talons 3
a: no special abilities


You were on level 3 of the Dungeon.
You visited 1 branch of the dungeon, and saw 3 of its levels.

You collected 36 gold pieces.

Inventory:

Armour
 a - a +0 robe (worn)
 f - a +0 cloak (worn)
Scrolls
 c - a scroll of acquirement {unknown}
 e - 2 scrolls of blinking {unknown}
 j - a scroll of brand weapon {unknown}
Potions
 d - a potion of curing {unknown}
 h - a potion of brilliance
 i - a potion of mutation {unknown}


   Skills:
 - Level 3.0 Fighting
 - Level 2.1 Dodging
 - Level 2.0 Stealth
 - Level 2.0 Spellcasting
 - Level 1.3 Conjurations
 + Level 4.2 Air Magic


You couldn't memorise any spells.
You knew the following spells:

 Your Spells              Type           Power      Damage    Failure   Level
a - Shock                 Conj/Air       44%        1d5       6%          1
b - Static Discharge      Conj/Air       11%        N/A       10%         2
c - Swiftness             Air            16%        N/A       11%         3

Your spell library contained the following spells:

 Spells                   Type           Power      Damage    Failure   Level
 Airstrike                Air            8%         N/A       34%         4


Dungeon Overview and Level Annotations

Branches:
Dungeon (3/15)

Altars:
Xom

Shops:
D:2 [

Annotations:
D:3 Crazy Yiuf


Innate Abilities, Weirdness & Mutations

You have a beak for a mouth.
You have claws for feet.


Message History

The orc shouts!
You hear a bark!
You hear some strange, mumbled words.
Something tries to affect you, but you resist.
The orc misses you.
You closely miss the orc. The orc hits you but does no damage.
An orc comes into view. It is wielding a +0 club.
You closely miss the orc. The orc closely misses you.
You barely miss the orc. Your kick misses the orc.
You peck the orc, but do no damage. Something hits you but does no damage.
The orc closely misses you.
As you read the scroll labelled YCRO TAOLAPPO, it crumbles to dust.
You feel strangely unstable.
It was a scroll of teleportation.
Something hits you. The orc misses you.
Unknown command.
Enter note: YCRO TAOLAPPO - teleportation
Casting: Static Discharge (safe; 10% risk of failure)
Confirm with . or Enter, or press ? or * to list all spells.
The orc is struck by an arc of lightning!
You kill the orc!
The lightning grounds out.
Something hits you but does no damage.
Unknown command.
Unknown command.
Unknown command.
You hit the orc. You peck the orc, but do no damage.
The orc is lightly wounded.
Your surroundings suddenly seem different.
Crazy Yiuf the Enlightened comes into view.
He is wielding a +3 quarterstaff of chaos.
Found a mace.
Found a runed translucent door.
Crazy Yiuf completely misses you.
Enter note: Teleported right next to him!
Crazy Yiuf says, "Two snockshim bush!"
You open the door.
There is an open translucent door here.
Crazy Yiuf says, "Fluff tea Hive!"
Found a mace.
Crazy Yiuf grits, "Rot!
Candle action return to song."
Crazy Yiuf waves his quarterstaff at you.
Found a shimmering altar of Xom.
Crazy Yiuf cries, "Mugger pontify Orb Guardian!"
Crazy Yiuf hits you with a +3 quarterstaff of chaos!
Ouch! That really hurt!
You die...

. ##...
#####...._.
#.g@..#
#.###.# #.#
# #.# #.#
##.####
#.....#
#.###.# #.#
#


You could see Crazy Yiuf.

Vanquished Creatures
  2 dart slugs (D:1)
  4 orcs (D:3)
  2 bats (D:1)
  2 endoplasms (D:1)
  2 giant cockroaches (D:1)
  4 goblins (D:1)
  5 hobgoblins
  2 jackals (D:1)
  A quokka (D:1)
  3 ball pythons (D:1)
  A frilled lizard (D:1)
  A kobold (D:1)
  2 rats (D:1)
31 creatures vanquished.

Notes
Turn   | Place    | Note
-------+----------+-------------------------------------------
     0 | D:1      | Nonny the Tengu Air Elementalist began the quest for the
                  | Orb.
     0 | D:1      | Reached XP level 1. HP: 10/10 MP: 4/4
     0 | D:1      | Starting vault: mushroom forest
    48 | D:1      | Reached skill level 1 in Fighting
   132 | D:1      | regular cloak northeast of starting area
   182 | D:1      | Reached XP level 2. HP: 15/16 MP: 4/6
   212 | D:1      | Learned a level 2 spell: Static Discharge
   261 | D:1      | barding in the west
   481 | D:1      | Reached XP level 3. HP: 22/22 MP: 5/7
   485 | D:1      | Learned a level 3 spell: Swiftness
   542 | D:1      | Found a faded altar of an unknown god.
   822 | D:2      | Found Atwyigok's Armour Shoppe.
   835 | D:3      | HACASH BIDOD - vulnerability
   840 | D:3      | dark potion - brilliance
   840 | D:3      | GATOBI OCAI - identify
   896 | D:3      | YCRO TAOLAPPO - teleportation
   897 | D:3      | Found a runed translucent door.
   897 | D:3      | Noticed Crazy Yiuf
   898 | D:3      | Teleported right next to him!
   922 | D:3      | Found a shimmering altar of Xom.
   923 | D:3      | Slain by Crazy Yiuf

Illustrated notes ## ..# ♣♣♣♣♣♣♣♣♣.. ♣PP..PP..♣ ♣PP..P...♣ ♣..PP...P♣ ♣..P...PP♣ ♣PP.@.P..♣ ♣P...PP..♣ ♣...P..PP♣ ♣..PP..PP♣ ..♣♣♣♣♣♣♣♣♣ ... #.. .. Turn 0 on D:1: Starting vault: mushroom forest .# #.. #.# #### #.# ..... ######.# #... #......#+#.# #.@........#.# +.....+..........#.# #########.....#..........#.. +.............#..........#.. ###..###......#.....##.#.#.# ....)..#.#.............#.#.# ♣♣♣♣♣..#...............#.#.# .PP..♣.#...............#.#.# .P...♣.###...#.......#.#...# Turn 132 on D:1: regular cloak northeast of starting area

###.###....#...#......♣..P
#.....#......#.#......♣PP.
#.#.#'#...##. #......♣P..
#.#.......# .......♣...
#.#.......# #......♣..P
#.#.......# #...♣♣♣
#.#.......## #......
#.#....#...# #......
#.#....#.@.+ #........
#....#...# #.#♣.♣.♣.
#....#.#... #........
.....#........ ###♣...♣.
P♣...........#+# ......
♣♣...^....... ♣#♣#♣
........... ...... .....g


Turn 261 on D:1: barding in the west ..####### .......@# #######.# #?# #.# #.#
... #.. ... Turn 835 on D:3: HACASH BIDOD - vulnerability ..####### .......<#
#######?# #@# #.# #.# ... #.. .... ##.. ..# Turn 840 on D:3: dark potion -
brilliance #.######## #.oo.o...# #.###.######.# #.....# #.# ###.### #.#
...########)# .o........o##o# #..#########o##.# #. #@##o# # #{##.# #.###o##.#
#...oo..# ##.#...## ##....# #.##..# #.# #..# ..( ...# Turn 896 on D:3: YCRO
TAOLAPPO - teleportation ##### ♣..♣#...# ♣.+.@g# ♣♣#..)# ##### Turn 898 on D:3:
Teleported right next to him!

Levels and vault maps discovered:
D:1:      scummos_arrival_checkerplants, layout_basic, serial_forest,
          infiniplex_forest_clump_small, infiniplex_forest_straight_3,
          infiniplex_forest_end_3, infiniplex_forest_lined_room_,
          infiniplex_forest_corner_1, chequers_ecumenical_altar_simple,
          hangedman_decor_peaks_small
D:2:      layout_rooms, serial_shops, shop, minmay_misc_feat_ornament
D:3:      layout_loops_ring, mainiacjoe_overflow_alcove_2,
          fedhas_altar_fruit_tree, nicolae_overflow_crystal_walls,
          uniq_crazy_yiuf_cottage

Skill      XL: |  1  2  3 |
---------------+----------+-----
Fighting       | 1 2 3 |  3.0
Dodging        | |  2.1
Stealth        | |  2.0
Spellcasting   | |  2.0
Conjurations   | |  1.3
Air Magic      | |  4.2

Action                   || total
-------------------------++-------
Melee: Unarmed           ||    34
       Kick              ||     7
       Peck              ||     5
       Punch             ||     1
 Cast: Shock             ||    33
       Static Discharge  ||     4
  Use: Scroll            ||     3
 Stab: Sleeping          ||     1
Armor: Robe              ||    12
Dodge: Dodged            ||    33
